 Dungeon Crawl Stone Soup version 0.30-a0-634-g8abc85282e (webtiles) character file.

Game seed: 3848748121648923208

1792 wormed the Poker (level 9, -6/121 HPs)
             Began as a Naga Berserker on Jan 15, 2023.
             Was an Elder of Trog.
             Killed from afar by a starcursed mass (8 damage)
             ... with an accursed screaming
             ... on level 1 of the Abyss.
             The game lasted 00:08:47 (5909 turns).

wormed the Poker (Naga Berserker)                   Turns: 5909, Time: 00:08:48

Health: -6/121     AC: 24    Str: 19    XL:     9   Next: 9%
Magic:  9/9        EV:  1    Int:  8    God:    Trog [****..]
Gold:   335        SH:  0    Dex: 15    Spells: 8/8 levels left

rFire   . . .      SeeInvis +    p - +0 halberd
rCold   . . .      Faith    +    (shield currently unavailable)
rNeg    . . .      Spirit   .    (body armour currently unavailable)
rPois   +          Reflect  .    (helmet currently unavailable)
rElec   .          Harm     .    (cloak currently unavailable)
rCorr   .          Rampage  .    (gloves currently unavailable)
Will    +++..      Clarity  +    (no barding)
Stlth   +++        NoTele   +    h - amulet of faith
HPRegen 0.40/turn                (no ring)
MPRegen 0.11/turn                (no ring)

@: tree-form
A: stationary, stasis, torment immunity, boosted hp, AC +3, large, see
invisible, (deformed body), (poison resistance), (slowness 2), spit poison 1,
(naga tail 1), clarity, (cold resistance 1), strong-willed 2
a: Spit Poison, Renounce Religion, Berserk, Trog's Hand, Brothers in Arms


You were on level 1 of the Abyss.
You worshipped Trog.
Trog was greatly pleased with you.
You were a tree.
You visited 1 branch of the dungeon, and saw 7 of its levels.
You visited the Abyss 1 time.

You collected 335 gold pieces.

Inventory:

Hand Weapons
 a - a +0 spear
 p - a +0 halberd (weapon)
Armour
 b - the +6 lightning scales (melded) {swift, rElec}
   (You acquired it on level 3 of the Dungeon)

   Swift:     It allows the wearer to cover ground more swiftly.
   rElec:     It insulates you from electricity.
 g - a +0 ring mail (melded)
 j - a +0 helmet (melded)
 o - a +0 cloak
 v - a scarf of resistance (melded)
Jewellery
 d - an amulet of reflection
 h - an amulet of faith (around neck)
 y - an amulet of the acrobat
Wands
 e - a wand of polymorph (12)
 x - a wand of quicksilver (6)
Scrolls
 m - a scroll of fog
 n - a scroll of magic mapping
 q - a scroll of poison
 r - 2 scrolls of enchant armour
Potions
 c - 3 potions of ambrosia
 f - a potion of degeneration
 i - 2 potions of flight
 k - a potion of magic
 l - a potion of cancellation


   Skills:
 + Level 5.2 Fighting
 * Level 6.8 Polearms
 + Level 3.8 Armour
 + Level 3.7 Dodging
 + Level 6.6 Stealth
 + Level 3.6 Shields


You had 8 spell levels left.
You didn't know any spells.
Your spell library was empty.

Dungeon Overview and Level Annotations

Branches:
Dungeon (7/15)             Temple (0/1) D:6

Altars:
Ashenzari
Fedhas
Kikubaaqudgha
Makhleb
Okawaru
The Shining One

Annotations:
D:3 3 runed translucent doors, porpoise's ghost, amateur FoMo
D:7 Maggie


Innate Abilities, Weirdness & Mutations

You are a tree.
Your roots penetrate the ground, keeping you stationary.
You cannot be teleported.
You are immune to unholy pain and torment.
Your maximum health is greatly increased.
Your equipment is partially melded.
((Your serpentine skin is tough. (AC +3)))
You have supernaturally acute eyesight. (SInv)
((Armour fits poorly on your strangely shaped body.))
((Your system is resistant to poisons. (rPois)))
((You cover ground very slowly.))
You can spit poison.
((You have a snake-like lower body.))
You possess an exceptional clarity of mind.
((Your flesh is cold resistant. (rC+)))
You are highly strong-willed. (Will++)


Message History

The starcursed mass touches you but does no damage.
You slash the starcursed mass!
The starcursed mass is heavily damaged.
The starcursed mass touches you but does no damage.
You slice the starcursed mass!!
The starcursed mass is severely damaged.
You slash the starcursed mass!
The starcursed mass is severely damaged.
The starcursed mass shrieks in your mind.
* * * LOW HITPOINT WARNING * * *
You hit the starcursed mass.
The starcursed mass is almost destroyed.
You hit the starcursed mass but do no damage.
The starcursed mass is severely damaged.
The starcursed mass shrieks in your mind.
* * * LOW HITPOINT WARNING * * *
You hit the starcursed mass but do no damage.
The starcursed mass is severely damaged.
The starcursed mass shrieks in your mind.
* * * LOW HITPOINT WARNING * * *
You hit the starcursed mass.
The starcursed mass is almost destroyed.
The starcursed mass shrieks in your mind.
* * * LOW HITPOINT WARNING * * *
You hit the starcursed mass but do no damage.
The starcursed mass is almost destroyed.
The starcursed mass touches you.
* * * LOW HITPOINT WARNING * * *
You hit the starcursed mass.
The starcursed mass is almost destroyed.
The starcursed mass touches you.
* * * LOW HITPOINT WARNING * * *
You hit the starcursed mass.
The starcursed mass is almost destroyed.
The starcursed mass touches you.
* * * LOW HITPOINT WARNING * * *
You hit the starcursed mass but do no damage.
The starcursed mass is almost destroyed.
The starcursed mass shrieks in your mind.
You die...

. # X#.
.. b .X#
#..#
#..###
#..#.#♣#
.. .#X##
### ###


You could see a starcursed mass.

Vanquished Creatures
  6 black bears
  A small abomination (Abyss:1)
  3 bullfrogs (D:7)
  A scorpion (D:4)
  2 necrophages
  A gnoll sergeant (D:6)
  A wight (D:6)
  2 jellies (D:6)
  2 orc priests
  A gnoll bouda (D:7)
  4 iguanas
  6 orc wizards
  8 gnolls
  8 adders
  A shadow imp (D:6)
  4 worms
  20 orcs
  6 ball pythons
  6 endoplasms
  A giant cockroach (D:1)
  5 goblins
  4 hobgoblins
  4 jackals (D:2)
  A quokka (D:3)
  6 bats
  4 frilled lizards
  4 kobolds
  10 rats
122 creatures vanquished.

Vanquished Creatures (others)
  An orc wizard (D:7)
  3 foxfires (Abyss:1)
  A plant (D:1)
  2 starspawn tentacles (Abyss:1)
  4 withered plants (D:1)
11 creatures vanquished.

Grand Total: 133 creatures vanquished

Notes
Turn   | Place    | Note
-------+----------+-------------------------------------------
     0 | D:1      | wormed the Naga Berserker began the quest for the Orb.
     0 | D:1      | Reached XP level 1. HP: 21/21 MP: 1/1
   186 | D:1      | Reached XP level 2. HP: 18/28 MP: 2/2
   328 | D:1      | Found a faded altar of an unknown god.
   684 | D:2      | Reached skill level 1 in Stealth
   725 | D:2      | Reached XP level 3. HP: 32/34 MP: 3/3
   803 | D:2      | Reached ** piety under Trog
   977 | D:2      | Reached XP level 4. HP: 40/42 MP: 4/4
  1150 | D:2      | Found a blossoming altar of Fedhas.
  1623 | D:3      | Found a runed translucent gate.
  1623 | D:3      | Found a runed translucent gate.
  1624 | D:3      | Noticed porpoise's ghost (amateur FoMo)
  1901 | D:3      | Reached skill level 1 in Shields
  1920 | D:3      | Reached XP level 5. HP: 23/49 MP: 5/5
  1928 | D:3      | Identified a scroll of acquirement
  1928 | D:3      | Acquired the +6 lightning scales {swift, rElec}
  1928 | D:3      | Found the +6 lightning scales {swift, rElec}
  2455 | D:3      | Found a runed translucent gate.
  2455 | D:3      | Noticed a kobold brigand
  2680 | D:4      | Found an iron altar of Okawaru.
  2715 | D:4      | Reached XP level 6. HP: 56/56 MP: 6/6
  2810 | D:4      | Reached *** piety under Trog
  3063 | D:4      | Found a glowing golden altar of the Shining One.
  3063 | D:4      | Found a broken altar of Ashenzari.
  3108 | D:4      | Found a burning altar of Makhleb.
  3427 | D:5      | Entered Level 5 of the Dungeon
  3749 | D:5      | Reached XP level 7. HP: 63/63 MP: 7/7
  3795 | D:5      | Reached skill level 5 in Polearms
  4204 | D:5      | Found an ancient bone altar of Kikubaaqudgha.
  4607 | D:6      | Reached skill level 5 in Stealth
  4607 | D:6      | Reached XP level 8. HP: 70/73 MP: 8/8
  4701 | D:6      | Found a staircase to the Ecumenical Temple.
  5007 | D:6      | Reached **** piety under Trog
  5446 | D:7      | Reached skill level 5 in Fighting
  5626 | D:7      | Reached XP level 9. HP: 51/81 MP: 9/9
  5630 | D:7      | Noticed Maggie
  5639 | Abyss:1  | Cast into level 1 of the Abyss (Maggie)
  5677 | Abyss:1  | Noticed an orange demon
  5681 | Abyss:1  | Noticed a bone dragon
  5782 | Abyss:1  | Noticed a rakshasa
  5799 | Abyss:1  | Noticed a wretched star
  5855 | Abyss:1  | Noticed a tentacled starspawn
  5865 | Abyss:1  | Noticed a starcursed mass
  5888 | Abyss:1  | Gained mutation: You are strong-willed. (Will+) [potion of
                  | mutation]
  5888 | Abyss:1  | Gained mutation: Your flesh is cold resistant. (rC+)
                  | [potion of mutation]
  5888 | Abyss:1  | Gained mutation: You are highly strong-willed. (Will++)
                  | [potion of mutation]
  5888 | Abyss:1  | Gained mutation: You possess an exceptional clarity of
                  | mind. [potion of mutation]
  5907 | Abyss:1  | HP: 6/121 [starcursed mass (6)]
  5908 | Abyss:1  | HP: 2/121 [starcursed mass (5)]
  5909 | Abyss:1  | Killed from afar by a starcursed mass

Illustrated notes

Levels and vault maps discovered:
D:1:      evilmike_arrival_rings, layout_basic,
          shapermc_ecumenical_altar_flowoftime, minmay_misc_feat_iff,
          hangedman_decor_growths
D:2:      layout_loops_ring, basic_altar
D:3:      layout_basic, gammafunk_ghost_nasty_kobolds
D:4:      kennysheep_big_flooded_room, layout_cave_pools,
          mainiacjoe_overflow_tiny_flanked, gammafunk_temple_overflow_statue,
          bloody_makhleb
D:5:      layout_basic, kennysheep_mini_moat
D:6:      layout_loops_cross, minmay_temple_entry_junction, minmay_holes,
          chequers_serial_rivers_micro_c, grunt_tough_drop
D:7:      layout_rooms, uniq_maggie
Abyss:1:  base:
D:1

Skill      XL: |  1  2  3  4  5  6  7  8 |
---------------+-------------------------+-----
Stealth        | 1 2 3 5 6 |  6.6
Armour         | 2 3 |  3.8
Dodging        | 2 3 |  3.7
Shields        | 1 2 3 |  3.6
Polearms       | 4 5 6 |  6.8
Fighting       | 4 5 |  5.2

Action                   |  1- 3 |  4- 6 |  7- 9 || total
-------------------------+-------+-------+-------++-------
Melee: Spear             |   135 |   228 |       ||   363
       Punch             |     1 |       |       ||     1
       Halberd           |       |    38 |   204 ||   242
Invok: Berserk           |       |     2 |     3 ||     5
  Use: Scroll            |     1 |     7 |    11 ||    19
       Potion            |       |       |     3 ||     3
 Stab: Sleeping          |     2 |     4 |     3 ||     9
Armor: Animal skin       |     9 |     4 |       ||    13
       Ring mail         |       |   131 |   238 ||   369
       Skin              |       |       |     5 ||     5
Dodge: Dodged            |    46 |    98 |   113 ||   257
Block: Other             |    14 |     9 |       ||    23
       Reflection        |     1 |       |       ||     1

Table legend: (Time is in decaauts)
 A = Elapsed time spent in this place.
 B = Non-inter-level travel time spent in this place.
 C = Inter-level travel time spent in this place.
 D = Time resting spent in this place.
 E = Time spent auto-exploring this place.
 F = Levels seen in this place.
 G = Mean time per level.
                   A        B        C        D        E       F      G
               +--------+--------+--------+--------+--------+-----+--------+
         Total |   6997 |   6610 |    387 |    120 |   5012 |   8 |  874.6 |
       Dungeon |   6690 |   6303 |    387 |    120 |   4881 |   7 |  955.7 |
         Abyss |    307 |    307 |      0 |      0 |    131 |   1 |  307.0 |
               +--------+--------+--------+--------+--------+-----+--------+

Top non-repeatable levels by time:
     D:5: 1327 daAuts
     D:2: 1224 daAuts
     D:3: 1208 daAuts
     D:6: 966 daAuts
     D:4: 861 daAuts
     D:1: 839 daAuts
 Abyss:1: 307 daAuts
     D:7: 262 daAuts
